 Dungeon Crawl Stone Soup version 0.20-a0 (console) character file.

70 brucemayne the Chopper (level 4, -3/35 HPs)
             Began as a Demonspawn Berserker on Oct 27, 2016.
             Was a Follower of Trog.
             Slain by an ogre
             ... wielding a +0 giant club
              (16 damage)
             ... on level 4 of the Dungeon.
             The game lasted 00:02:02 (519 turns).

brucemayne the Chopper (Demonspawn Berserker)        Turns: 519, Time: 00:02:03

Health: -3/35      AC:  6    Str: 18    XL:     4   Next: 3%
Magic:  4/4        EV: 12    Int:  8    God:    Trog [*.....]
Gold:   96         SH:  0    Dex: 13    Spells: 0 memorised, 3 levels left

rFire  . . .     SeeInvis .     a - +0 hand axe
rCold  . . .     Gourm    .     k - +0 leather armour
rNeg   . . .     Faith    .     (no shield)
rPois  .         Spirit   .     (no helmet)
rElec  .         Reflect  .     (no cloak)
rCorr  .         Harm     .     i - +2 pair of gloves
MR     .....                    (no boots)
Stlth  +.........               (no amulet)
                                (no ring)
                                (no ring)

@: exhausted
A: powered by death 2
a: Berserk, Burn Spellbooks, Renounce Religion


You were on level 4 of the Dungeon.
You worshipped Trog.
Trog was aware of your devotion.
You were not hungry.

You visited 1 branch of the dungeon, and saw 4 of its levels.

You collected 96 gold pieces.

Inventory:

Hand Weapons
 a - a +0 hand axe (weapon)
 h - a +0 war axe
Missiles
 e - 26 poisoned needles
Armour
 b - a +0 animal skin
 i - a +2 pair of gloves (worn)
 k - a +0 leather armour (worn)
Wands
 m - a wand of teleportation (4/9)
Scrolls
 d - a scroll of teleportation {unknown}
 g - 2 scrolls of recharging {unknown}
 l - a scroll of identify {unknown}
Potions
 f - 3 potions of flight {unknown}
 o - a potion of haste {unknown}
 p - a potion of curing {unknown}
Comestibles
 c - a bread ration
 j - a slice of pizza
 n - a chunk of flesh


   Skills:
 - Level 3.0 Fighting
 + Level 4.4 Axes
 - Level 1.7 Armour
 - Level 1.7 Dodging


You had 3 spell levels left.
You didn't know any spells.

Dungeon Overview and Level Annotations

Branches:
Dungeon (4/15)
 Temple: D:4-7

Altars:
Gozag

Annotations:
D:3 brucemayne's ghost, weakling HOMo


Innate Abilities, Weirdness & Mutations

You regenerate health from kills.


Message History

Unknown command.
Okay, then.
Unknown command.
Wear which item? (? for menu, Esc to quit)
Okay, then.
Found a stone staircase leading down.
o - a fizzy inky potion
There are no items here.
p - a murky emerald potion
There are no items here.
An ogre comes into view. It is wielding a giant club.
The ogre hits you with a giant club!
You see here a bread ration.
Okay, then.
The ogre barely misses you. The ogre hits you with a giant club!
The ogre hits you with a giant club.
You feel yourself speed up. The ogre hits you with a giant club!
You die...

#.# .. ####.## ..#
#..... ..# #.##)#
...# #.##)##...##
###.##....<...
#.<....)#.####
#.#.###.#.#
####.#.#...@...####
..........##O.....#
######..#.##.####.#
#..#......# #
#..>..%.#.#
#....####.#.##.#
#.#### #.......# #.
#.##.##.# . #. #.#
#


You could see an ogre.

Vanquished Creatures
  4 gnolls (D:4)
  An adder (D:3)
  An orc (D:3)
  2 giant cockroaches (D:3)
  2 goblins (D:2)
  2 hobgoblins (D:3)
  A quokka (D:2)
  2 ball pythons
  4 bats
  3 frilled lizards
  A kobold (D:2)
  A rat (D:2)
24 creatures vanquished.

Notes
Turn   | Place    | Note
-------+----------+-------------------------------------------
     0 | D:1      | brucemayne the Demonspawn Berserker began the quest for the Orb.
     0 | D:1      | Reached XP level 1. HP: 18/18 MP: 1/1
    41 | D:2      | Found an opulent altar of Gozag.
   158 | D:3      | Reached skill level 3 in Axes
   167 | D:3      | Noticed brucemayne's ghost (weakling HOMo)
   208 | D:2      | Gained mutation: You regenerate a little health from kills. [demonic ancestry]
   208 | D:2      | Reached XP level 2. HP: 24/24 MP: 2/2
   449 | D:3      | Reached XP level 3. HP: 29/29 MP: 3/3
   488 | D:4      | Reached skill level 4 in Axes
   495 | D:4      | Gained mutation: You regenerate health from kills. [demonic ancestry]
   495 | D:4      | Reached XP level 4. HP: 35/35 MP: 4/4
   509 | D:4      | Noticed an ogre
   519 | D:4      | Slain by an ogre

Vault maps used:
D:1:      minmay_arrival_split_and_join, minmay_domino_2
D:2:      nicolae_overflow_crystal_walls, lemuel_coloured_pillars_altar,
          nicolae_gozag_seed_capital
D:3:      hangedman_decor_push
D:4:      lemuel_round_altar, kennysheep_mini_moat, first_bread,
          trog_three_pillars_becter, uniq_robin

Skill      XL: |  1  2  3 |
---------------+----------+-----
Axes           | 3 4 |  4.4
Fighting       | |  3.0
Armour         | |  1.7
Dodging        | |  1.7

Action                   |  1- 3 |  4- 6 || total
-------------------------+-------+-------++-------
Melee: Hand axe          |    73 |       ||    73
Invok: Berserk           |     1 |       ||     1
Armor: Animal skin       |    15 |       ||    15
       Leather armour    |    11 |       ||    11
Dodge: Dodged            |    59 |     1 ||    60
